 Dungeon Crawl Stone Soup version 0.31-a0-620-gd1cbd99268 (webtiles) character file.

Game seed: 11949455581065369231

2872 Newt the Basher (level 9, -1/81 HPs)
             Began as a Gargoyle Fighter on Aug 23, 2023.
             Was a Priest of Okawaru.
             Slain by a wolf (9 damage)
             ... led by Grum
             ... on level 7 of the Dungeon.
             The game lasted 00:09:26 (7664 turns).

Newt the Basher (Gargoyle Fighter)                  Turns: 7664, Time: 00:09:26

Health: -1/81      AC: 16    Str: 25    XL:     9   Next: 76%
Magic:  14/14      EV:  9    Int:  8    God:    Okawaru [***...]
Gold:   356        SH:  5    Dex:  9    Spells: 13/15 levels left

rFire   . . .        E - +11 Singing Sword {sonic wave}
rCold   . . .        c - +0 buckler
rNeg    + . .        b - +0 scale mail
rPois   ∞            (no helmet)
rElec   +            d - +0 cloak
rCorr   .            n - +0 pair of gloves
SInv    .            (no boots)
Will    .....        (no amulet) Stlth
                     v - +4 ring of slaying
HPRegen 0.33/turn    (no ring)
MPRegen 0.14/turn

%: no passive effects
@: berserking, very quick
A: sickness immunity, AC +6, negative energy resistance 1, electricity
resistance, torment resistance 1, petrification resistance
a: Renounce Religion, Heroism


You were on level 7 of the Dungeon.
You worshipped Okawaru.
Okawaru was most pleased with you.
You visited 1 branch of the dungeon, and saw 8 of its levels.
You also visited: Ossuary.

You collected 356 gold pieces.

Inventory:

Hand Weapons
 a - a +1 flail
 f - a +2 heavy scythe
 s - a +2 whip of venom
 E - the +11 Singing Sword (weapon) {sonic wave}
   (You found it on level 7 of the Dungeon)
Missiles
 C - 5 boomerangs
Armour
 b - a +0 scale mail (worn)
 c - a +0 buckler (worn)
 d - a +0 cloak (worn)
 n - a +0 pair of gloves (worn)
Jewellery
 v - a +4 ring of slaying (left hand)
 w - a ring of protection from fire
 B - a ring of magical power
 F - a ring of magical power
Wands
 e - a wand of polymorph (7)
 A - a wand of iceblast (7)
 D - a wand of mindburst (16)
Scrolls
 r - a scroll of teleportation
 t - a scroll of amnesia
 y - a scroll of immolation
Potions
 g - 4 potions of degeneration
 h - 2 potions of might
 i - 2 potions of lignification
 j - 2 potions of mutation
 k - a potion of haste
 l - a potion of brilliance
 m - 2 potions of invisibility
 o - a potion of curing
 p - a potion of resistance
 u - a potion of heal wounds {unknown}
 x - a potion of enlightenment {unknown}
 z - a potion of magic {unknown}


   Skills:
 - Level 5.0 Fighting
 + Level 2.6 Long Blades
 - Level 8.0 Maces & Flails
 - Level 5.0 Armour
 - Level 6.0 Shields
 - Level 3.7 Spellcasting
 - Level 3.3 Transmutations
 - Level 4.0 Evocations


You had 13 spell levels left.
You knew the following spells:

 Your Spells              Type           Power      Damage    Failure   Level
a - Wereblood             Tmut           6%         N/A       30%         2

Your spell library contained the following spells:

 Spells                   Type           Power      Damage    Failure   Level
 Sublimation of Blood     Necr           Unusable   N/A       N/A         2
 Summon Hydra             Summ           Unusable   N/A       N/A         7

Dungeon Overview and Level Annotations

Branches:
Dungeon (8/15)             Temple (0/1) D:7         Ossuary (visited)
   Lair: D:8-11

Altars:
Ashenzari
Fedhas
Okawaru
Qazlal
Ru
Uskayaw
Vehumet
Wu Jian
Xom
Zin
The Shining One

Shops:
D:6 *

Annotations:
D:3 exclusion: statue
D:7 1 runed translucent door, bobarctor's ghost, amateur DsNe
D:8 Grum


Innate Abilities, Weirdness & Mutations

You are immune to sickness and miasma.
Your stone body is resilient. (AC +6)
You are immune to poison.
You resist negative energy. (rN+)
You are resistant to electric shocks. (rElec)
You are resistant to unholy torment.
You are immune to petrification.


Message History

Items here: ))) [ ††.
The wolf bites you. The wolf barely misses you.
You see here a +0 club.
You block the wolf's attack. The wolf attacks as it pursues you!
The wolf closely misses you. The wolf attacks as it pursues you!
You block the wolf's attack.
There is a stone staircase leading up here.
The wolf bites you!
* * * LOW HITPOINT WARNING * * *
The wolf bites you.
* * * LOW HITPOINT WARNING * * *
The wolf closely misses you.
You climb upwards.
Level annotation: 1 runed translucent door, bobarctor's ghost, amateur DsNe
There is a stone staircase leading down here.
You closely miss the wolf.
The wolf is severely wounded.
The wolf barely misses you. You block the wolf's attack. The wolf bites you.
* * * LOW HITPOINT WARNING * * *
The wolf bites you but does no damage. You block the wolf's attack.
Unknown command.
A red film seems to cover your vision as you go berserk!
You feel yourself moving faster!
You feel mighty! You block the wolf's attack. The wolf bites you.
* * * LOW HITPOINT WARNING * * *
The wolf bites you but does no damage. x2
You slice the wolf!!
The Singing Sword plays a requiem for the unknown sword.
You send a blast of sound all around you.
The wolf is heavily wounded.
The fungus begins to die.
The fungus is lightly damaged.
You kill the wolf!
Okawaru accepts your kill. Okawaru grants you throwing weapons!
Something appears at your feet!
You hear a shout!
The wolf bites you!
You die...

.#...#≈#^..PPPP..##### #........
.#...#^#...PPP###....# #.##'##..
.#..........'...#....# ##...##..
##.......#..#...#....# #...)....
.#.......######'#....#####...)...
.#................####..##..)...)
.#................#......'.......
.#..............h.#......#..#....
.#..............@.#......#...##..
.#................'......#....##.
.#................#.....##....###
.#............##'##.....##....###
.#............+..........#.....#.
.#............#..........#.......
.#............#..........#.......
.#...<..........#####...##......#
.#.......############...##.......


You could see a wolf.

Vanquished Creatures
  Sigmund (D:2)
  2 orc warriors
  Duvessa (D:4)
  3 ice beasts
  A wolf (D:7)
  2 ogres
  A phantom (D:5)
  A kobold brigand (D:7)
  2 bullfrogs
  A gnoll sergeant (D:8)
  6 scorpions
  5 water moccasin zombies (Ossuary)
  4 hounds
  6 orc priests
  A gnoll bouda (D:8)
  A jelly (D:5)
  Crazy Yiuf (D:2)
  Jessica (D:2)
  3 iguanas (D:4)
  5 orc wizards
  3 mummies
  Robin (D:4)
  10 gnolls (D:8)
  10 adders
  An ufetubus (D:5)
  6 adder zombies (Ossuary)
  2 worms
  3 dart slugs
  19 orcs
  4 ball pythons
  11 bats
  7 endoplasms
  2 giant cockroaches (D:2)
  19 goblins
  13 hobgoblins
  6 jackals
  5 quokkas
  4 frilled lizards
  2 gnoll zombies (Ossuary)
  3 hobgoblin zombies (Ossuary)
  9 kobolds
  10 kobold zombies (Ossuary)
  7 orc zombies (Ossuary)
  5 rats
210 creatures vanquished.

Vanquished Creatures (others)
  An orc wizard (D:5)
1 creature vanquished.

Grand Total: 211 creatures vanquished

Notes
Turn   | Place    | Note
-------+----------+-------------------------------------------
     0 | D:1      | Newt the Gargoyle Fighter began the quest for the Orb.
     0 | D:1      | Reached XP level 1. HP: 14/14 MP: 1/1
   301 | D:1      | Reached XP level 2. HP: 20/20 MP: 2/2
   506 | D:1      | Reached XP level 3. HP: 19/24 MP: 3/3
  1030 | D:2      | Found a shimmering altar of Xom.
  1038 | D:2      | Noticed Sigmund
  1221 | D:2      | Killed Sigmund
  1222 | D:2      | Reached skill level 5 in Fighting
  1222 | D:2      | Reached skill level 5 in Armour
  1222 | D:2      | Reached XP level 4. HP: 9/31 MP: 4/4
  1222 | D:2      | Reached XP level 5. HP: 10/35 MP: 5/5
  1718 | D:2      | Noticed Jessica
  1732 | D:2      | Reached XP level 6. HP: 36/40 MP: 6/6
  1743 | D:2      | Killed Jessica
  1744 | D:2      | Reached skill level 5 in Shields
  1992 | D:2      | Found a runed translucent door.
  1993 | D:2      | Noticed Crazy Yiuf
  2151 | D:2      | Killed Crazy Yiuf
  2317 | D:3      | Found a glowing golden altar of the Shining One.
  2442 | D:3      | Found an iron altar of Okawaru.
  2564 | D:3      | Became a worshipper of Warmaster Okawaru
  2905 | D:3      | Found a radiant altar of Vehumet.
  3210 | D:4      | Found a broken altar of Ashenzari.
  3213 | D:4      | Noticed Dowan
  3215 | D:4      | Noticed Duvessa
  3242 | D:4      | Killed Duvessa
  3243 | D:4      | Reached XP level 7. HP: 17/44 MP: 7/7
  3245 | D:4      | Dowan changed into Dowan the iguana
  3245 | D:4      | Noticed Dowan
  3253 | D:4      | Killed Dowan the iguana
  3254 | D:4      | Reached skill level 3 in Maces & Flails
  3348 | D:4      | Reached * piety under Okawaru
  3392 | D:4      | Noticed Robin
  3399 | D:4      | Killed Robin
  3507 | D:4      | Reached skill level 4 in Maces & Flails
  3507 | D:4      | Found a sand-covered staircase.
  3574 | Ossuary  | Entered an ossuary
  3706 | Ossuary  | Reached skill level 5 in Maces & Flails
  3775 | Ossuary  | Reached skill level 1 in Evocations
  3858 | Ossuary  | Reached XP level 8. HP: 49/49 MP: 8/8
  3898 | Ossuary  | Reached ** piety under Okawaru
  4357 | D:4      | Found a sacrificial altar of Ru.
  4373 | D:5      | Entered Level 5 of the Dungeon
  4505 | D:5      | Reached skill level 6 in Maces & Flails
  4671 | D:5      | Found a shimmering altar of Xom.
  4734 | D:5      | Reached skill level 7 in Maces & Flails
  5049 | D:5      | Found an ornate altar of the Wu Jian Council.
  5286 | D:6      | Reached XP level 9. HP: 51/54 MP: 9/9
  5315 | D:6      | Found Erruwk's Fire Supplies.
  5455 | D:6      | Found a glowing silver altar of Zin.
  5464 | D:6      | Found a hide-covered altar of Uskayaw.
  5468 | D:6      | Learned a level 2 spell: Wereblood
  5597 | D:6      | Reached skill level 8 in Maces & Flails
  5597 | D:6      | Reached skill level 1 in Spellcasting
  5603 | D:6      | Reached skill level 1 in Transmutations
  5855 | D:6      | Reached *** piety under Okawaru
  5994 | D:7      | Found a stormy altar of Qazlal.
  5996 | D:7      | Found a blossoming altar of Fedhas.
  6098 | D:7      | Found Faijog's Jewellery Shop.
  6312 | D:7      | Found a staircase to the Ecumenical Temple.
  6505 | D:7      | Found a runed translucent door.
  6506 | D:7      | Noticed bobarctor's ghost (amateur DsNe)
  6890 | D:7      | Found the +11 Singing Sword {sonic wave}
  7343 | D:8      | Reached skill level 1 in Long Blades
  7644 | D:8      | Noticed Grum
  7664 | D:7      | Received a gift from Okawaru
  7664 | D:7      | Slain by a wolf

Illustrated notes

Levels and vault maps discovered:
D:1:      minmay_arrival_loop, layout_loops_ring, minmay_misc_feat_pillars
D:2:      layout_loops_ring, basic_altar, uniq_sigmund, uniq_jessica,
          uniq_crazy_yiuf_cottage
D:3:      layout_basic, nicolae_tso_carved_into_rock, vehumet_statue,
          amcnicky_altar_gilded
D:4:      layout_basic, lemuel_crystal_altar, nicolae_ru_the_path_less_chosen,
          gup_ossuary_entry_pyramid, serial_glass, glass_columns_c,
          glass_columns_b, uniq_duvessa, uniq_robin
D:5:      layout_cave_pools, xom_confusion_cloud, kennysheep_mini,
          nicolae_elevator_lobby_asterisk
D:6:      layout_basic, mainiacjoe_overflow_swirl, nicolae_shop_fire_sale
          [nicolae_sub_dead_trees]
D:7:      old_forge, layout_gridville, grunt_temple_overflow_forces_of_nature,
          minmay_temple_entry_wispy, gammafunk_ghost_grave,
          nicolae_stop_n_shop_1, nicolae_figureground_pulse
D:8:      layout_loops_cross, mainiacjoe_overflow_six_doors_small,
          mainiacjoe_overflow_alcove_4, serial_glass, glass_columns_a,
          glass_columns_b, feat_on_display, feat_on_display, item_on_display_a,
          item_on_display_a, uniq_maurice, uniq_grum, uniq_erica

Skill      XL: |  1  2  3  4  5  6  7  8  9 |
---------------+----------------------------+-----
Fighting       | 4 5 |  5.0
Armour         | 5 |  5.0
Shields        | 4 6 |  6.0
Maces & Flails | 5 7 8 |  8.0
Evocations     | 2 4 |  4.0
Spellcasting   | 3 |  3.7
Transmutations | 3 |  3.3
Long Blades    | 2 |  2.6

Action                     |  1- 3 |  4- 6 |  7- 9 || total
---------------------------+-------+-------+-------++-------
  Melee: Flail             |   114 |   137 |   228 ||   479
         Unarmed           |     3 |       |       ||     3
         Whip              |       |       |   298 ||   298
         Double sword      |       |       |    30 ||    30
  Throw: Throwing net      |       |       |     1 ||     1
  Evoke: Wand              |       |       |     1 ||     1
    Use: Scroll            |     2 |     4 |    12 ||    18
         Potion            |       |     3 |     3 ||     6
   Stab: Held in net/web   |       |       |     1 ||     1
 Armour: Scale mail        |    65 |    75 |   309 ||   449
  Dodge: Dodged            |    82 |    61 |   222 ||   365
  Block: Buckler           |    23 |    31 |   146 ||   200

Table legend: (Time is in decaauts)
 A = Elapsed time spent in this place.
 B = Non-inter-level travel time spent in this place.
 C = Inter-level travel time spent in this place.
 D = Time resting spent in this place.
 E = Time spent auto-exploring this place.
 F = Levels seen in this place.
 G = Mean time per level.
                   A        B        C        D        E       F      G
               +--------+--------+--------+--------+--------+-----+--------+
         Total |   7716 |   7474 |    242 |   1348 |   4578 |   9 |  857.3 |
       Dungeon |   7254 |   7012 |    242 |   1348 |   4326 |   8 |  906.8 |
       Ossuary |    461 |    461 |      0 |      0 |    252 |   1 |  461.0 |
               +--------+--------+--------+--------+--------+-----+--------+

Top non-repeatable levels by time:
     D:7: 1294 daAuts
     D:1: 1202 daAuts
     D:2: 1098 daAuts
     D:3: 910 daAuts
     D:4: 820 daAuts
     D:6: 801 daAuts
     D:5: 751 daAuts
 Ossuary: 461 daAuts
     D:8: 374 daAuts
